Map: Alaeni Enclave

Players

MaLiBu - Winner!

  • Race: Protoss Protoss
  • Spawn Location: 11:00

barcode - Winner!

  • Race: Terran Terran
  • League: Diamond
  • Spawn Location: 9:00

Courage - Winner!

  • Race: Zerg Zerg
  • League: Master
  • Spawn Location: 1:00

Liox - Winner!

  • Race: Terran Terran
  • League: Diamond
  • Spawn Location: 3:00

Maelthor

  • Race: Terran Terran
  • Spawn Location: 3:00

Erfeyah

  • Race: Protoss Protoss
  • Spawn Location: 5:00

Iluvatar

  • Race: Terran Terran
  • Spawn Location: 7:00

athabstract

  • Race: Protoss Protoss
  • Spawn Location: 9:00

VOD

Have the link to the VOD?

Description

Time

  • Played on: Nov. 19, 2017, 1:51 p.m.
  • Length: 11:18
Show
View Real Time Build Order
Export as new Build Order

MaLiBu Protoss - Winner!

Build Orders: Forge Fast Expand (FFE) 

Get SALT Encoding   

  12  0:02  Probe  
  13  0:14  Probe  
  14  0:19  Pylon  
  14  0:26  Probe  
  15  0:38  Probe  
  16  0:44  Forge  
  16  0:50  Probe  
  17  1:10  Probe  
  18  1:22  Pylon  
  18  1:27  Nexus  
  18  1:44  Photon Cannon  
  18  1:45  Photon Cannon  
  18  1:52  Probe  
  19  2:12  Pylon  
  19  2:15  Probe  
  20  2:18  Assimilator  
  20  2:20  Assimilator  
  20  2:27  Gateway, Probe  
  21  2:36  Photon Cannon  
  21  2:39  Photon Cannon  
  21  2:51  Photon Cannon  
  21  2:57  Pylon  
  21  3:10  Probe x2  
  23  3:22  Probe x2 (Chrono Boost)  
  23  3:26  Cybernetics Core  
  25  3:32  Probe x2 (Chrono Boost)  
  27  3:36  Probe x2 (Chrono Boost)  
  29  3:45  Pylon  
  29  3:47  Assimilator  
  29  3:48  Probe x2 (Chrono Boost)  
  31  3:50  Probe (Chrono Boost), Pylon  
  31  3:51  Probe (Chrono Boost), Assimilator  
  33  4:02  Probe (Chrono Boost)  
  35  4:03  Probe (Chrono Boost)  
  35  4:15  Photon Cannon  
  35  4:16  Photon Cannon  
  35  4:18  Photon Cannon  
  35  4:25  Probe x2  
  36  4:34  Stargate  
  36  4:35  Stargate  
  36  4:37  Probe x2, Stargate  
  38  4:47  Nexus  
  38  4:49  Probe x2  
  40  5:00  Pylon  
  40  5:01  Pylon  
  40  5:04  Probe x2  
  42  5:13  Pylon  
  42  5:15  Pylon  
  42  5:16  Probe x2, Pylon  
  44  5:27  Oracle (Chrono Boost)  
  44  5:28  Oracle x2 (Chrono Boost)  
  53  5:30  Probe  
  53  5:31  Probe  
  55  5:42  Probe  
  55  5:43  Probe  
  57  5:55  Probe x2  
  59  6:03  Assimilator  
  59  6:07  Probe x2, Assimilator  
  59  6:08  Probe  
  62  6:16  Nexus  
  62  6:18  Pylon  
  62  6:19  Probe x2  
  62  6:20  Probe  
  74  6:31  Probe x2, Oracle x3 (Chrono Boost)  
  74  6:32  Probe  
  77  6:40  Pylon  
  77  6:43  Probe x2  
  77  6:44  Probe  
  80  6:48  Oracle x3  
  89  6:55  Probe x2  
  89  6:56  Probe  
  92  7:07  Probe, Stargate  
  93  7:09  Stargate  
  93  7:11  Forge  
  93  7:22  Probe x3  
  96  7:29  Oracle x2  
  102  7:32  Probe  
  102  7:34  Probe x2  
  105  7:39  Assimilator  
  105  7:40  Oracle  
  108  7:45  Assimilator  
  108  7:46  Probe x4  
  108  7:48  Pylon  
  112  7:52  Pylon, Oracle x2  
  112  7:58  Probe x3  
  121  8:07  Pylon  
  121  8:09  Pylon  
  121  8:14  Photon Cannon  
  121  8:15  Photon Cannon, Oracle x2 (Chrono Boost)  
  121  8:17  Photon Cannon  
  121  8:19  Photon Cannon  
  130  8:20  Oracle (Chrono Boost)  
  130  8:21  Photon Cannon  
  130  8:24  Photon Cannon  
  130  8:39  Oracle x2 (Chrono Boost)  
  136  8:50  Oracle x2 (Chrono Boost)  
  142  8:57  Pylon  
  142  8:58  Pylon  
  142  8:59  Oracle (Chrono Boost)  
  142  9:00  Pylon  
  145  9:07  Oracle x2  
  151  9:27  Oracle  
  151  9:28  Oracle x2  
  160  9:45  Oracle x2  
  166  10:03  Oracle  
  166  10:07  Oracle x2  
  172  10:23  Oracle x2  
  178  10:29  Pylon  
  175  10:39  Oracle  
Show
View Real Time Build Order
Export as new Build Order

barcode Terran - Winner!

Build Orders: Reaper Expand 

Get SALT Encoding   

  12  0:01  SCV  
  13  0:13  SCV  
  14  0:17  Supply Depot  
  14  0:25  SCV  
  15  0:30  Refinery  
  15  0:39  SCV  
  16  0:45  Barracks  
  16  0:51  SCV  
  17  1:03  SCV  
  18  1:15  SCV  
  19  1:32  Orbital Command  
  19  1:35  Reaper  
  20  1:43  Command Center  
  20  1:56  Supply Depot  
  20  1:57  SCV  
  21  2:09  SCV  
  22  2:22  SCV, Barracks  
  23  2:27  Factory  
  23  2:32  Barracks Reactor  
  23  2:34  SCV  
  23  2:36  Engineering Bay  
  24  2:46  SCV, Refinery  
  25  2:58  SCV  
  27  3:14  Orbital Command  
  27  3:16  SCV  
  27  3:21  Terran Infantry Weapons Level 1  
  27  3:23  Starport  
  27  3:24  Marine  
  27  3:25  Marine x2  
  30  3:27  Supply Depot  
  30  3:28  SCV  
  31  3:40  SCV, Factory Reactor  
  32  3:42  Marine  
  32  3:43  Marine  
  32  3:44  Barracks Tech Lab  
  32  3:46  SCV  
  35  3:52  SCV  
  36  3:58  SCV  
  37  4:04  SCV  
  37  4:08  Marine x2  
  37  4:09  Marauder  
  41  4:10  SCV, Combat Shields  
  41  4:13  Supply Depot  
  41  4:16  SCV  
  43  4:23  SCV  
  44  4:29  Supply Depot  
  44  4:33  SCV  
  44  4:34  Marine x2  
  44  4:35  SCV  
  44  4:37  Medivac  
  50  4:42  Medivac  
  50  4:45  SCV  
  53  4:47  SCV, Supply Depot, Command Center  
  54  4:54  Refinery  
  54  4:57  SCV  
  54  4:59  SCV, Marine x2  
  58  5:02  Marauder  
  60  5:07  Medivac  
  60  5:12  SCV x2  
  64  5:16  Refinery  
  64  5:20  Supply Depot, Barracks  
  64  5:21  Barracks  
  64  5:23  Marine x2  
  64  5:24  Marauder  
  68  5:33  SCV x2  
  68  5:35  Terran Infantry Armor Level 1  
  70  5:45  SCV x2  
  72  5:57  SCV x2  
  72  6:03  Marine  
  72  6:04  Marine, Marauder  
  75  6:08  Supply Depot  
  75  6:09  SCV x2  
  75  6:10  Orbital Command  
  75  6:11  Supply Depot  
  79  6:21  SCV x2  
  76  6:33  SCV x2, Marine x2  
  76  6:34  Barracks Tech Lab, Barracks Reactor  
  76  6:35  Medivac, Marauder  
  76  6:36  Medivac  
  86  6:40  SCV  
  86  6:43  Refinery  
  86  6:44  Refinery  
  86  6:45  SCV  
  88  6:53  Supply Depot x2  
  88  6:54  SCV x2  
  88  6:55  Marine x2, Command Center  
  88  6:56  Marauder  
  88  6:57  SCV  
  95  7:02  Supply Depot  
  95  7:06  SCV x2  
  97  7:12  Marine x2  
  97  7:13  Marauder  
  101  7:18  SCV x2  
  101  7:19  SCV  
  104  7:26  Medivac x2  
  104  7:27  Marine x2  
  110  7:30  SCV  
  110  7:35  SCV x2, Engineering Bay  
  110  7:36  Armory  
  113  7:42  SCV, Marine x2  
  116  7:44  Marauder  
  116  7:46  Marauder  
  116  7:47  SCV x2  
  116  7:49  Barracks  
  122  7:53  Barracks  
  122  7:54  SCV  
  122  7:55  Barracks  
  123  7:59  SCV  
  123  8:00  Supply Depot  
  123  8:02  Supply Depot  
  123  8:04  Stimpack  
  123  8:05  SCV  
  125  8:06  SCV  
  125  8:09  Orbital Command  
  125  8:11  SCV  
  127  8:17  SCV  
  128  8:25  Marine  
  128  8:26  Marine x3  
  134  8:27  Marauder x2  
  134  8:28  Medivac x2  
  142  8:40  Marine  
  142  8:41  Marine  
  142  8:42  Marine  
  142  8:43  Marine  
  146  8:48  Marauder  
  146  8:51  Marine  
  146  8:52  Marine x3  
  148  9:12  Marine x3  
  148  9:13  Marine  
  148  9:16  Barracks Reactor x2  
  149  9:17  Barracks Reactor  
  149  9:26  SCV x3  
  149  9:30  Marine x2, Marauder  
  149  9:31  Marine  
  157  9:32  Marine, Marauder  
  160  9:48  Marine x2  
  160  10:09  Marine x4  
  160  10:10  Marauder  
  156  10:48  Marine x6  
  156  10:49  Marine x4  
  167  10:50  Marauder x2  
  172  11:11  Supply Depot  
  172  11:12  Supply Depot  
  172  11:14  Supply Depot  
  172  11:15  Supply Depot  
Show
View Real Time Build Order
Export as new Build Order

Courage Zerg - Winner!

Build Orders: Hatch First, Swarm Host 

Get SALT Encoding   

  12  0:01  Drone  
  13  0:13  Overlord  
  13  0:17  Drone  
  14  0:31  Drone  
  14  0:32  Drone  
  16  0:40  Drone  
  17  0:54  Hatchery  
  17  0:57  Drone  
  17  0:59  Drone  
  18  1:13  Extractor  
  18  1:16  Spawning Pool  
  16  1:19  Drone  
  16  1:22  Drone  
  18  1:30  Drone  
  19  1:41  Overlord  
  19  1:50  Drone  
  20  2:03  Zergling x2  
  20  2:06  Queen  
  20  2:07  Zergling x2  
  24  2:10  Queen  
  24  2:12  Drone  
  24  2:15  Metabolic Boost  
  27  2:19  Drone  
  28  2:23  Drone  
  29  2:31  Drone  
  30  2:45  Hatchery  
  30  2:47  Queen  
  31  2:52  Drone x2  
  31  2:54  Drone  
  34  3:00  Overlord  
  34  3:07  Drone x2  
  36  3:19  Overlord  
  36  3:20  Overlord  
  36  3:21  Drone x3  
  36  3:26  Queen  
  41  3:31  Queen  
  43  3:40  Drone x3  
  46  3:45  Drone x2  
  46  3:47  Overlord  
  46  3:48  Drone  
  49  3:55  Spore Crawler  
  49  3:56  Drone x2  
  49  3:59  Spore Crawler  
  49  4:00  Extractor  
  49  4:01  Drone x2  
  50  4:03  Drone  
  50  4:07  Queen  
  53  4:13  Queen  
  55  4:17  Drone x2  
  57  4:26  Queen  
  57  4:28  Drone x4  
  63  4:32  Drone x2  
  65  4:42  Drone x3  
  65  4:43  Drone x4  
  72  4:48  Spore Crawler  
  72  4:51  Queen  
  73  4:58  Drone  
  74  5:01  Overlord  
  74  5:02  Overlord x3  
  74  5:19  Queen  
  74  5:20  Drone x2  
  74  5:21  Drone x7  
  85  5:27  Lair, Evolution Chamber  
  84  5:29  Evolution Chamber  
  84  5:30  Drone x2  
  84  5:31  Drone x2  
  84  5:32  Drone  
  84  5:34  Queen  
  90  5:36  Extractor  
  90  5:37  Extractor  
  90  5:40  Drone  
  90  5:41  Extractor  
  88  5:47  Extractor  
  87  6:00  Drone x3  
  87  6:03  Zerg Missile Weapons Level 1, Zerg Ground Armor Level 1  
  90  6:04  Queen  
  90  6:10  Queen  
  94  6:18  Hatchery  
  93  6:24  Queen  
  95  6:25  Overlord  
  95  6:26  Overlord x3  
  95  6:31  Infestation Pit  
  94  6:40  Queen  
  96  6:51  Queen  
  98  7:02  Drone x14  
  112  7:15  Swarm Host  
  112  7:16  Swarm Host x5  
  130  7:24  Swarm Host x2  
  136  7:30  Drone  
  136  7:31  Drone  
  136  7:34  Queen  
  136  7:36  Overlord x5  
  140  7:39  Queen x2  
  144  7:53  Queen  
  144  7:54  Swarm Host, Extractor x2, Overlord x4  
  144  7:55  Swarm Host x6  
  165  8:02  Drone x2  
  165  8:03  Drone  
  168  8:06  Swarm Host  
  168  8:11  Zerg Ground Armor Level 2, Zerg Missile Weapons Level 2  
  171  8:18  Swarm Host x8  
  195  8:46  Drone x5  
  195  8:47  Spore Crawler x2  
  198  8:53  Queen  
  200  9:52  Hatchery  
  199  9:58  Hive  
  199  10:01  Hatchery  
  198  10:43  Hatchery  
Show
View Real Time Build Order
Export as new Build Order

Liox Terran - Winner!

Build Orders: 1/1/1, Liberator Opening 

Get SALT Encoding   

  12  0:01  SCV  
  13  0:14  SCV  
  14  0:17  Supply Depot  
  14  0:26  SCV  
  15  0:32  Refinery  
  15  0:39  SCV  
  16  0:47  Barracks  
  16  0:51  SCV  
  17  1:03  SCV  
  18  1:16  SCV  
  19  1:34  Orbital Command  
  19  1:37  Factory  
  19  1:52  Supply Depot  
  19  2:02  SCV, Command Center  
  20  2:09  Marine  
  21  2:20  SCV  
  22  2:23  Refinery  
  22  2:26  Starport  
  22  2:28  Marine  
  23  2:32  SCV  
  24  2:38  Factory Tech Lab  
  25  2:44  SCV  
  25  2:46  Marine  
  26  2:57  SCV  
  27  3:03  Supply Depot  
  27  3:05  Barracks Reactor  
  27  3:09  SCV  
  27  3:10  Banshee  
  31  3:15  Orbital Command  
  31  3:19  Cloaking Field  
  31  3:23  SCV  
  32  3:35  SCV  
  33  3:42  SCV  
  33  3:48  Liberator  
  34  3:49  Marine x2  
  34  3:53  Factory Reactor  
  34  3:54  SCV  
  34  3:55  SCV  
  41  4:13  SCV x2  
  43  4:17  Refinery  
  43  4:19  Supply Depot  
  43  4:20  Marine x2  
  45  4:27  SCV x2  
  47  4:37  Marine  
  47  4:38  Marine  
  49  4:40  SCV x2  
  51  4:52  SCV x2  
  53  4:53  Factory Tech Lab  
  53  4:55  Marine x2  
  53  4:59  Starport Reactor  
  55  5:01  Barracks  
  55  5:04  SCV, Barracks  
  55  5:07  SCV  
  57  5:13  Marine x2, Siege Tank  
  62  5:17  Supply Depot  
  62  5:19  Supply Depot  
  62  5:21  Engineering Bay  
  62  5:39  SCV x2  
  64  5:42  Marine  
  64  5:43  Marine  
  66  5:51  SCV x2  
  68  6:00  Marine x2  
  68  6:01  Marine  
  68  6:09  SCV x2  
  70  6:12  Medivac x2  
  70  6:13  Stimpack  
  70  6:14  Marine x2  
  76  6:19  Barracks  
  76  6:20  Terran Infantry Weapons Level 1  
  76  6:21  SCV  
  76  6:23  SCV, Supply Depot, Barracks  
  76  6:24  Marine, Siege Tank  
  76  6:25  Marine  
  83  6:30  Supply Depot  
  83  6:31  Supply Depot  
  83  6:32  Supply Depot  
  83  6:34  SCV  
  83  6:35  SCV  
  83  6:38  Marine, Refinery  
  86  6:44  Marine x2  
  86  6:45  Medivac x2  
  86  6:46  Supply Depot  
  92  6:54  Armory  
  92  6:55  Engineering Bay  
  92  6:58  Supply Depot, Marine x2, Siege Tank  
  92  6:59  Marine  
  98  7:04  SCV x2  
  100  7:17  Marine  
  100  7:18  Marine x3  
  100  7:20  Barracks Reactor  
  100  7:21  Marine  
  105  7:24  SCV  
  105  7:26  SCV  
  105  7:28  Terran Infantry Armor Level 1  
  107  7:34  Supply Depot  
  107  7:36  SCV  
  108  7:38  SCV  
  108  7:42  Marine x4  
  113  7:45  Barracks Reactor  
  113  7:47  Siege Tank  
  113  7:49  SCV  
  113  7:50  Command Center  
  114  7:58  Supply Depot  
  114  8:00  SCV, Supply Depot  
  114  8:01  SCV  
  114  8:04  Marine  
  114  8:05  Marine x2  
  119  8:06  Marine  
  119  8:12  SCV  
  121  8:18  Marine x2  
  121  8:19  Marine  
  124  8:23  Siege Tank  
  124  8:24  Medivac x2  
  131  8:37  Marine x3  
  131  8:38  Marine  
  135  8:47  Marine x2  
  135  8:48  Marine x3  
  139  8:53  Terran Infantry Weapons Level 2  
  139  8:55  Siege Tank  
  142  8:59  Supply Depot  
  102  9:15  Marine x3  
  102  9:16  Marine x6  
  111  9:31  Siege Tank  
  114  9:32  Medivac x2  
  118  9:40  Marine  
  118  9:41  Marine x5  
  118  9:42  Marine  
  118  9:43  Marine, Marauder  
  128  9:49  Orbital Command  
  128  9:58  Marine  
  128  9:59  Marine x2  
  129  10:12  Marine x4  
  129  10:13  Marine x2  
  129  10:14  Siege Tank  
  138  10:15  Medivac x2  
  138  10:17  Marine  
  142  10:28  Marine x2  
  144  10:29  Barracks x2  
  144  10:34  Supply Depot  
  144  10:35  Supply Depot  
  144  10:53  Marine x4  
  144  10:54  Marine x5  
  160  11:11  Barracks  
  160  11:13  Starport, Refinery  
  160  11:14  Refinery  
Show
View Real Time Build Order
Export as new Build Order

Maelthor Terran 

Build Orders: MMM Bio 

Get SALT Encoding   

  12  0:02  SCV  
  13  0:14  SCV  
  14  0:18  Supply Depot  
  14  0:26  SCV  
  15  0:40  SCV  
  15  0:42  Barracks  
  16  0:52  SCV  
  17  1:04  SCV  
  18  1:18  Command Center  
  18  1:20  SCV  
  19  1:29  Marine  
  20  1:34  Orbital Command  
  20  1:41  Supply Depot  
  20  1:47  Refinery  
  20  1:57  Marine  
  20  1:59  Refinery  
  21  2:01  Orbital Command, Refinery  
  21  2:21  Marine  
  22  2:35  Orbital Command  
  22  2:39  Marine  
  23  2:45  Orbital Command  
  23  2:54  Factory  
  23  2:59  Marine  
  23  3:01  SCV  
  25  3:09  Barracks  
  25  3:17  Marine  
  26  3:27  SCV x2  
  28  3:37  Factory Tech Lab  
  28  3:38  Marine  
  28  3:39  SCV x2  
  31  3:52  SCV  
  31  3:55  Engineering Bay  
  32  3:56  Siege Tank  
  32  3:59  Command Center  
  32  4:00  Marine  
  32  4:01  Marine  
  37  4:03  SCV  
  37  4:09  SCV  
  39  4:15  SCV  
  40  4:19  Supply Depot  
  40  4:21  Barracks Tech Lab, Marine  
  40  4:23  SCV  
  42  4:27  SCV  
  43  4:36  SCV  
  44  4:41  Siege Tank  
  44  4:42  Missile Turret  
  47  4:46  Missile Turret  
  47  4:48  SCV x2  
  47  4:49  Marine  
  50  4:56  Supply Depot  
  50  4:57  Barracks Reactor  
  50  5:00  SCV  
  50  5:01  Stimpack  
  50  5:02  Supply Depot  
  51  5:07  SCV  
  51  5:12  SCV  
  51  5:31  SCV x2  
  52  5:37  Marine x2  
  52  5:43  SCV x2  
  52  5:44  Marine  
  52  5:49  Missile Turret  
  54  5:55  SCV x2, Marine  
  54  6:07  SCV x2  
  56  6:17  Siege Tank  
  58  6:19  SCV x2  
  58  6:20  Barracks, Terran Infantry Weapons Level 1  
  58  6:25  Starport  
  55  6:30  Marine x3, Missile Turret  
  55  6:31  SCV x2  
  59  6:42  Orbital Command  
  59  6:46  SCV x2  
  61  6:57  Marine  
  61  6:58  SCV, Marine x2  
  61  6:59  SCV  
  65  7:01  Viking  
  65  7:07  Barracks  
  67  7:08  Barracks Reactor  
  67  7:10  Combat Shields  
  66  7:15  Marine  
  66  7:18  SCV x2  
  66  7:19  Marine  
  66  7:20  Marauder  
  72  7:27  Missile Turret  
  72  7:33  Marine, Refinery  
  72  7:34  Refinery  
  72  7:37  Starport Reactor, Marine  
  73  7:40  SCV x2  
  76  7:48  Marine x2, Marauder  
  76  7:51  Marine  
  80  7:52  SCV  
  80  7:53  SCV x2, Missile Turret  
  84  7:58  Missile Turret  
  84  7:59  Missile Turret  
  84  8:04  SCV  
  85  8:08  Supply Depot  
  85  8:10  Supply Depot  
  85  8:11  Supply Depot  
  85  8:18  Barracks Reactor  
  85  8:21  Barracks Tech Lab  
  85  8:24  Supply Depot  
  85  8:29  SCV x2, Medivac, Siege Tank  
  85  8:30  Supply Depot  
  85  8:31  Missile Turret  
  85  8:32  Medivac  
  95  8:35  Refinery  
  95  8:36  Refinery  
  74  8:59  Marine x3  
  74  9:00  Marine, Marauder  
  68  9:11  Marauder  
  68  9:12  Siege Tank  
  73  9:17  Marine x3  
  73  9:18  Marine  
  73  9:21  Marauder  
  58  9:27  SCV  
  58  9:34  Marauder  
  58  9:35  Marine x2  
  62  9:39  SCV  
  62  9:42  Orbital Command  
  62  9:51  SCV  
  59  10:19  Marine x5, Marauder  
  48  10:24  SCV x2  
  38  10:36  SCV, Marine  
Show
View Real Time Build Order
Export as new Build Order

Erfeyah Protoss 

Build Orders:  

Get SALT Encoding   

  12  0:04  Probe  
  13  0:28  Pylon  
  13  0:50  Gateway  
  13  0:52  Gateway  
  13  0:55  Gateway  
  13  1:22  Pylon  
  13  1:40  Zealot  
  13  1:44  Probe  
  16  1:56  Probe  
  17  2:08  Assimilator  
  17  2:12  Assimilator  
  17  2:15  Zealot x2  
  21  2:37  Cybernetics Core  
  21  2:41  Probe  
  22  2:53  Probe  
  23  3:31  Zealot  
  23  3:32  Zealot x2  
  29  3:37  Probe  
  30  3:49  Probe  
  31  4:12  Nexus  
  31  4:29  Nexus  
  31  4:36  Probe  
  30  4:39  Zealot  
  30  4:42  Zealot  
  30  4:46  Zealot  
  24  5:13  Zealot  
  24  6:17  Probe  
  25  6:21  Probe  
  26  6:29  Probe  
  27  6:33  Probe  
  28  6:41  Probe  
  28  6:45  Probe  
  30  6:53  Probe  
  31  6:57  Probe  
  32  7:05  Probe  
  33  7:08  Assimilator  
  33  7:09  Probe  
  34  7:17  Probe  
  35  7:27  Stalker  
  35  7:28  Stalker x2  
  35  7:29  Probe  
  42  7:41  Probe  
  42  7:42  Probe  
  44  7:53  Probe (Chrono Boost)  
  45  8:00  Warp Gate  
  45  8:05  Probe (Chrono Boost)  
  46  8:33  Pylon  
  46  8:37  Pylon  
  46  8:40  Pylon  
  46  8:44  Pylon  
  46  8:47  Pylon  
  46  8:50  Pylon  
  46  8:51  Probe x2, Stalker  
  50  9:03  Probe x2  
  52  9:15  Probe x2  
  34  9:27  Probe x2  
  34  9:31  Stalker x3  
  42  9:40  Probe x2  
  44  9:52  Probe  
  45  9:53  Probe  
  46  10:01  Stalker  
  46  10:04  Probe, Assimilator  
  46  10:05  Probe  
  40  10:16  Probe  
Show
View Real Time Build Order
Export as new Build Order

Iluvatar Terran 

Build Orders: MMM Bio 

Get SALT Encoding   

  12  0:01  SCV  
  13  0:13  SCV  
  14  0:27  Supply Depot  
  14  0:29  SCV  
  15  0:48  SCV  
  16  0:50  Barracks  
  16  1:01  SCV  
  17  1:13  SCV  
  18  1:21  Barracks  
  18  1:22  Barracks  
  18  1:25  SCV  
  19  1:33  Refinery  
  19  1:37  Marine  
  20  1:40  Supply Depot  
  20  1:43  SCV  
  21  1:50  Refinery  
  21  1:55  SCV, Marine  
  23  2:11  Barracks Tech Lab  
  23  2:13  Marine  
  24  2:19  Supply Depot  
  24  2:20  SCV  
  25  2:23  Barracks Tech Lab  
  25  2:32  SCV  
  25  2:33  Marine  
  25  2:36  Stimpack  
  27  2:37  Marine  
  27  2:42  Marine  
  29  3:09  Marine x2  
  29  3:11  Combat Shields  
  29  3:12  Marine  
  32  3:18  Orbital Command  
  32  3:28  Marine  
  32  3:31  Marine  
  32  3:32  Marine  
  35  3:46  Marine  
  36  3:57  Marine  
  37  4:05  Marine x2  
  39  4:11  Supply Depot  
  39  4:12  Supply Depot  
  39  4:32  SCV, Marine  
  39  4:34  Marine x2  
  43  4:40  Factory  
  43  4:41  Factory  
  43  4:48  Engineering Bay  
  43  4:50  Marine  
  43  4:51  Marine  
  43  4:52  Marine  
  46  5:01  SCV  
  46  5:06  Supply Depot  
  47  5:08  Marine  
  48  5:15  Supply Depot  
  48  5:35  Marine  
  48  5:36  Marine x2  
  51  5:50  SCV  
  51  5:53  Marine x2  
  51  5:54  Marine  
  55  6:11  Marine x3  
  58  6:31  Marine x3  
  61  6:43  Hellion x2  
  65  6:49  Marine x3  
  65  6:51  Starport  
  65  6:52  Armory  
  68  7:04  Hellion  
  68  7:05  Terran Infantry Weapons Level 1  
  68  7:07  Marine  
  68  7:08  Supply Depot  
  71  7:09  Factory Tech Lab  
  71  7:14  Marine x2  
  73  7:19  Missile Turret  
  73  7:25  Marine  
  73  7:29  Starport Reactor  
  74  7:31  SCV  
  74  7:32  Marine  
  76  7:37  Supply Depot  
  76  7:41  Supply Depot  
  76  7:48  Factory Tech Lab  
  76  7:49  Command Center  
  76  8:03  Marine x3  
  79  8:08  SCV  
  80  8:17  Medivac  
  80  8:19  Medivac  
  84  8:20  SCV  
  84  8:21  Marine x2  
  87  8:32  SCV  
  61  9:09  Marine x3  
  40  9:16  Thor  
  48  9:19  SCV x2  
  50  9:27  Marine x3  
  53  9:31  SCV  
  36  9:45  Marine x3  
  29  10:03  Marine x3  
  32  10:20  Marine  
Show
View Real Time Build Order
Export as new Build Order

athabstract Protoss 

Build Orders:  

Get SALT Encoding   

  12  0:04  Probe  
  13  0:16  Probe  
  14  0:23  Pylon  
  14  0:28  Probe  
  15  0:41  Probe  
  16  0:45  Gateway  
  16  0:53  Probe  
  16  0:56  Assimilator  
  17  1:05  Probe  
  18  1:17  Probe  
  19  1:30  Probe  
  20  1:35  Cybernetics Core  
  20  1:42  Probe  
  20  1:46  Assimilator  
  21  1:54  Probe  
  22  1:55  Pylon  
  22  2:00  Pylon  
  22  2:13  Forge, Zealot  
  24  2:24  Warp Gate  
  24  2:30  Probe  
  25  2:48  Gateway  
  25  2:49  Gateway  
  25  2:51  Robotics Facility  
  25  3:04  Stalker  
  27  3:34  Stalker  
  29  3:43  Stalker  
  29  3:45  Protoss Ground Weapons Level 1  
  31  3:49  Stalker  
  31  3:53  Observer  
  33  4:11  Stalker  
  35  4:34  Probe  
  35  4:37  Stalker  
  38  4:50  Pylon  
  38  4:51  Observer  
  39  5:08  Stalker  
  41  5:17  Twilight Council  
  41  5:41  Stalker  
  41  5:42  Stalker  
  45  5:44  Protoss Ground Armor Level 1  
  45  5:46  Observer  
  24  6:06  Stalker  
  22  6:11  Stalker  
  18  6:30  Probe  
  19  6:43  Probe  
  20  7:05  Probe  
  21  7:17  Probe  
  21  7:18  Stalker x2  
  21  7:19  Stalker  
  28  7:29  Probe  
  29  7:42  Probe  
  30  7:54  Probe  
  30  7:55  Nexus  
  30  7:57  Assimilator  
  31  8:00  Stalker  
  31  8:01  Stalker  
  31  8:02  Assimilator  
  35  8:06  Probe  
  36  8:18  Probe  
  37  8:30  Probe, Stalker  
  40  8:42  Probe  
  41  8:57  Stalker  
  41  8:59  Pylon  
  41  9:01  Stalker  
  45  9:08  Probe x2  
  47  9:35  Probe  
  47  9:36  Probe  
  49  10:32  Stalker x2  
  49  10:33  Stalker  
Tags
 
Add a new tag
Caveats
  • Supply blocks, unpowered buildings, or Contaminate may cause inaccurate times.
  • Supply counts are checked every 10 seconds.